 Dungeon Crawl Stone Soup version 0.30-a0-341-g682706514a (webtiles) character file.

Game seed: 13416146231080084591

35225 Shayle the Basher (level 13, -11/122 HPs)
             Began as a Naga Reaver on Nov 1, 2022.
             Was an Elder of Makhleb.
             Mangled by a bunyip (26 damage)
             ... on level 3 of the Abyss.
             The game lasted 01:17:01 (20762 turns).

Shayle the Basher (Naga Reaver)                    Turns: 20762, Time: 01:17:03

Health: -11/122    AC: 16    Str: 14 (15) XL:     13   Next: 82%
Magic:  21/21      EV: 11    Int: 18      God:    Makhleb [****..]
Gold:   626        SH:  0    Dex:  9 (10) Spells: 13/23 levels left

rFire   . . .      SeeInvis +    Q - +3 whip (elec)
rCold   + + .      Faith    .    (no shield)
rNeg    . . .      Spirit   .    v - +2 troll leather armour
rPois   +          Reflect  .    i - +0 helmet
rElec   .          Harm     .    E - +0 cloak
rCorr   .          Rampage  .    H - +0 pair of gloves
Will    +....                    (no barding)
Stlth   +++.......               I - amulet of the acrobat
HPRegen 1.20/turn                q - ring of protection from cold
MPRegen 0.17/turn                J - +4 ring of protection

@: invisible, very slow
A: AC +4, large, see invisible, deformed body, poison resistance, slowness 2,
spit poison 2, naga tail 2, cold resistance 1, deterioration 1
a: Breathe Poison Gas, Renounce Religion, Minor Destruction, Lesser Servant of
Makhleb, Major Destruction


You were on level 3 of the Abyss.
You worshipped Makhleb.
Makhleb was greatly pleased with you.
You visited 3 branches of the dungeon, and saw 17 of its levels.
You visited the Abyss 1 time.
You also visited: Sewer and Ossuary.

You collected 1058 gold pieces.
You spent 432 gold pieces at shops.

Inventory:

Hand Weapons
 m - a +0 short sword of draining
 s - a +1 dagger of venom
 u - a +2 whip of flaming
 F - a +8 dagger
 Q - a +3 whip of electrocution (weapon)
Missiles
 c - 73 poisoned darts (quivered)
 k - 2 silver boomerangs
Armour
 b - a +0 leather armour
 i - a +0 helmet (worn)
 j - a +0 tower shield
 v - a +2 troll leather armour (worn)
 E - a +0 cloak (worn)
 H - a +0 pair of gloves (worn)
 M - +0 steam dragon scales
Jewellery
 p - a ring of willpower
 q - a ring of protection from cold (left hand)
 C - a ring of protection from fire
 I - an amulet of the acrobat (around neck)
 J - a +4 ring of protection (right hand)
 L - an amulet of magic regeneration
 S - an amulet of faith
Wands
 a - a wand of charming (5)
 d - a wand of roots (5)
 G - a wand of flame (15)
 T - a wand of mindburst (4)
Scrolls
 f - 2 scrolls of poison
 r - 3 scrolls of amnesia
 t - 4 scrolls of magic mapping
 w - 6 scrolls of butterflies
 x - 4 scrolls of silence
 y - 5 scrolls of teleportation
 D - 4 scrolls of identify
 K - 2 scrolls of immolation
Potions
 e - 3 potions of cancellation
 g - 3 potions of attraction
 h - 4 potions of haste
 l - 4 potions of ambrosia
 n - 4 potions of mutation
 z - 2 potions of might
 A - a potion of magic
 B - 5 potions of curing
 N - 3 potions of flight
 O - 2 potions of brilliance
 P - a potion of heal wounds


   Skills:
 + Level 9.7 Fighting
 + Level 9.9 Maces & Flails
 + Level 2.6 Armour
 - Level 7.4 Dodging
 - Level 6.3 Stealth
 - Level 5.8 Spellcasting
 + Level 8.9 Conjurations
 + Level 6.4 Necromancy
 - Level 6.0 Ice Magic
 * Level 5.0 Earth Magic
 + Level 9.0 Invocations


You had 13 spell levels left.
You knew the following spells:

 Your Spells              Type           Power      Damage    Failure   Level
a - Kiss of Death         Conj/Necr      100%       2d13      1%          1
b - Hailstorm             Conj/Ice       32%        3d8       1%          3
c - Vampiric Draining     Necr           28%        2d8       3%          3
d - Stone Arrow           Conj/Erth      60%        3d10      2%          3

Your spell library contained the following spells:

 Spells                   Type           Power      Damage    Failure   Level
 Necrotise                Necr           100%       1d9       1%          1
 Sandblast                Erth           46%        2d11      1%          1
 Momentum Strike          Conj/Tloc      42%        3d9       3%          2
 Passwall                 Tmut/Erth      11%        N/A       9%          2
 Apportation              Tloc           10%        N/A       16%         1
 Beastly Appendage        Tmut           10%        N/A       16%         1
 Summon Small Mammal      Summ           20%        N/A       16%         1
 Wereblood                Tmut           5%         N/A       22%         2
 Agony                    Necr           28%        N/A       28%         5
 Gell's Gravitas          Tloc           5%         N/A       41%         3
 Lesser Beckoning         Tloc           10%        N/A       41%         3
 Spider Form              Tmut/Pois      5%         N/A       41%         3
 Teleport Other           Tloc           5%         N/A       41%         3
 Summon Forest            Summ/Tloc      2%         N/A       99%         5
 Summon Mana Viper        Hex/Summ       5%         N/A       99%         5
 Summon Cactus Giant      Summ           2%         N/A       100%        6


Dungeon Overview and Level Annotations

Branches:
Dungeon (11/15)            Temple (1/1) D:5            Lair (5/5) D:9
 Shoals (0/4) Lair:2       Spider (0/4) Lair:2          Orc (0/2) D:10
  Sewer (visited)         Ossuary (visited)
  Slime: Lair:4-5

Altars:
Ashenzari
Cheibriados
Dithmenos
Elyvilon
Fedhas
Gozag
Hepliaklqana
Kikubaaqudgha
Makhleb
Nemelex Xobeh
Okawaru
Qazlal
Ru
Sif Muna
Trog
Uskayaw
Vehumet
Wu Jian
Xom
Yredelemnul
Zin
The Shining One

Shops:
D:11 [


Innate Abilities, Weirdness & Mutations

Your serpentine skin is tough. (AC +4)
You have supernaturally acute eyesight. (SInv)
Armour fits poorly on your strangely shaped body.
Your system is resistant to poisons. (rPois)
You cover ground very slowly.
You can exhale a cloud of poison.
You can use your snake-like lower body to constrict enemies.
Your flesh is cold resistant. (rC+)
Your body sometimes deteriorates upon taking damage.


Message History

Makhleb accepts your kill.
You feel better.
You hear a hideous shriek!
You hear a screech!
Aiming: Major Destruction (3% risk of failure)
Press: ? - help, Shift-Dir - straight line, f - bunyip
Aim: a bunyip The bolt of acid hits the bunyip!!
The acid corrodes the bunyip!
The bunyip is moderately wounded.
The apocalypse crab breathes chaos at you.
The blast of chaos engulfs you but does no damage.
You resist.
The bunyip is engulfed in seething chaos.
The bunyip howls a warning cry!
The vampire bat is engulfed in seething chaos.
The vampire bat seems to slow down.
The iron imp is engulfed in seething chaos.
The iron imp seems to slow down.
Okay, then.
Unknown command.
Unknown command.
Okay, then.
Aiming: Major Destruction (3% risk of failure)
Press: ? - help, Shift-Dir - straight line, f/p - bunyip
Aim: a bunyip (seething chaos, moderately wounded, covered in acid)
The bolt of acid hits the bunyip!!
The bunyip seems to be corroded for longer.
The bunyip is heavily wounded.
You are engulfed in seething chaos.
You fade into invisibility!
The vampire bat is no longer moving slowly.
The iron imp is no longer moving slowly.
The butterfly is engulfed in seething chaos.
The vampire bat is engulfed in seething chaos.
The vampire bat seems to grow stronger.
The butterfly is engulfed in seething chaos.
The bunyip is engulfed in seething chaos.
The bunyip claws you!!
* * * LOW HITPOINT WARNING * * *
The bunyip claws you!!
You die...

###.
#.#.#
## #
#.# x#
#.#.#
#.#b#.#
####
b§# #
#x#t#
##.#@#
#.#5##
##b#.#
#§# ##
#..###
#####
#.. . .
...###
... #..
. # . #
.#. ##.
..## .
# ..#.
##.##
...#


You could see a bunyip (wandering, unable to see you, corroded), an apocalypse
crab, an iron imp (unable to see you) and a vampire bat (strong).

Vanquished Creatures
  3 death yaks (Lair:1)
  A boulder beetle (D:11)
  A two-headed ogre (D:8)
  2 large abominations (Abyss:3)
  3 skeletal warriors
  Pikel (D:8)
  2 black mambas
  13 cane toads
  Psyche (D:8)
  An unseen horror (D:10)
  A kobold demonologist (D:9)
  2 rime drakes (Lair:4)
  7 komodo dragons
  20 blink frogs
  A hornet (D:9)
  A shadow (D:11)
  2 jumping spiders (Lair:2)
  3 wraiths
  4 wyverns
  32 yaks
  2 fire bats (Abyss:3)
  A basilisk (Lair:3)
  A steam dragon (D:9)
  A redback (Lair:2)
  5 vampire mosquitoes
  3 wargs (D:9)
  A small abomination (Abyss:3)
  4 water moccasins
  An orc warrior (D:10)
  A black bear (D:7)
  3 ice beasts
  2 sky beasts
  A hornet zombie (Ossuary)
  3 ogres
  15 wolves
  2 phantoms
  2 centaurs
  2 lemures (D:8)
  6 kobold brigands
  12 bullfrogs
  3 scorpions
  2 wyvern zombies (Ossuary)
  2 water moccasin zombies (Ossuary)
  14 wights
  7 killer bees
  A vampire bat (Abyss:3)
  9 howler monkeys
  3 electric eels (D:10)
  4 centaur zombies (Ossuary)
  7 bullfrog zombies (Ossuary)
  7 orc priests
  A jelly (D:8)
  2 hounds
  A gnoll bouda (D:9)
  7 orc wizards
  An iguana (D:7)
  3 killer bee zombies (Ossuary)
  15 mummies (Ossuary)
  Robin (D:1)
  2 howler monkey zombies (Ossuary)
  3 gnolls (D:9)
  A river rat (D:4)
  10 adders
  A shadow imp (D:6)
  5 white imps
  2 worms
  3 dart slugs
  15 orcs
  2 bats
  10 endoplasms
  5 giant cockroaches
  17 goblins
  6 hobgoblins
  4 jackals (D:4)
  5 quokkas
  6 ball pythons
  2 frilled lizards
  25 kobolds
  3 rats
386 creatures vanquished.

Vanquished Creatures (collateral kills)
  3 death yaks (Lair:4)
  A skeletal warrior (D:9)
  A black mamba (Lair:4)
  A yak (D:10)
  2 orc warriors (D:10)
  An orc priest (D:10)
  An orc wizard (D:10)
  9 orcs (D:10)
19 creatures vanquished.

Vanquished Creatures (others)
  27 fungi
  104 plants
  5 withered plants (Ossuary)
136 creatures vanquished.

Grand Total: 541 creatures vanquished

Notes
Turn   | Place    | Note
-------+----------+-------------------------------------------
     0 | D:1      | Shayle the Naga Reaver began the quest for the Orb.
     0 | D:1      | Reached XP level 1. HP: 19/19 MP: 3/3
   707 | D:1      | Reached skill level 1 in Stealth
   867 | D:2      | Identified the +3 pair of boots "Foydy" {-Tele Will+ Int+4
                  | SInv}
   882 | D:2      | Reached XP level 2. HP: 18/26 MP: 5/5
   980 | D:2      | Found a faded altar of an unknown god.
  1309 | D:2      | Reached XP level 3. HP: 29/33 MP: 6/6
  2361 | D:2      | Noticed Robin
  2369 | D:1      | Killed Robin
  2370 | D:1      | Reached XP level 4. HP: 39/40 MP: 7/7
  3072 | D:4      | Reached XP level 5. HP: 25/49 MP: 8/8
  3222 | D:4      | Found a glowing drain.
  3237 | D:4      | Reached XP level 6. HP: 32/56 MP: 9/9
  3252 | Sewer    | Entered a sewer
  3450 | Sewer    | Gained mutation: Your body sometimes deteriorates upon
                  | taking damage. [potion of mutation]
  3450 | Sewer    | Gained mutation: Your flesh is cold resistant. (rC+)
                  | [potion of mutation]
  3450 | Sewer    | Gained mutation: You can exhale a cloud of poison. [potion
                  | of mutation]
  3474 | Sewer    | Reached skill level 5 in Stealth
  3474 | Sewer    | Reached XP level 7. HP: 39/56 MP: 10/10
  4247 | D:5      | Entered Level 5 of the Dungeon
  4269 | D:5      | Reached skill level 5 in Maces & Flails
  4368 | D:5      | Found a radiant altar of Vehumet.
  4501 | D:5      | Learned a level 3 spell: Hailstorm
  4560 | D:5      | Found a staircase to the Ecumenical Temple.
  4566 | Temple   | Entered the Ecumenical Temple
  4580 | Temple   | Became a worshipper of Makhleb the Destroyer
  4735 | D:5      | Reached XP level 8. HP: 73/73 MP: 11/11
  4912 | D:5      | Reached skill level 1 in Ice Magic
  4912 | D:5      | Reached skill level 1 in Invocations
  5099 | D:6      | Found a shadowy altar of Dithmenos.
  5111 | D:6      | Reached skill level 5 in Fighting
  5796 | D:6      | Reached * piety under Makhleb
  5797 | D:6      | Reached XP level 9. HP: 11/76 MP: 13/13
  7178 | D:7      | Found a sand-covered staircase.
  7182 | Ossuary  | Entered an ossuary
  7228 | Ossuary  | Reached skill level 5 in Dodging
  7543 | Ossuary  | Reached skill level 5 in Conjurations
  7727 | Ossuary  | Reached XP level 10. HP: 51/91 MP: 16/16
  7980 | Ossuary  | Reached ** piety under Makhleb
  8851 | D:8      | Noticed a two-headed ogre
  8862 | D:8      | Killed a two-headed ogre
  8931 | D:8      | Noticed Pikel
  8940 | D:8      | Killed Pikel
  9147 | D:8      | Reached skill level 5 in Invocations
  9168 | D:8      | Noticed Psyche
  9175 | D:8      | Killed Psyche
  9310 | D:8      | Found a glowing silver altar of Zin.
  9310 | D:8      | Found an ancient bone altar of Kikubaaqudgha.
  9316 | D:8      | Identified the +1 leather armour "Heecesk" {Harm Rampage
                  | MP+9 Slay-6}
  9544 | D:9      | Noticed a kobold demonologist
  9552 | D:9      | Killed a kobold demonologist
  9576 | D:9      | Learned a level 3 spell: Vampiric Draining
  9609 | D:9      | Found a staircase to the Lair.
  9629 | D:9      | Reached skill level 5 in Spellcasting
  9812 | D:9      | Reached skill level 5 in Ice Magic
  9892 | D:9      | Reached XP level 11. HP: 85/100 MP: 18/18
  9991 | D:9      | Reached skill level 1 in Necromancy
 10141 | D:9      | Reached *** piety under Makhleb
 10342 | D:9      | Found a white marble altar of Elyvilon.
 10799 | D:10     | Entered Level 10 of the Dungeon
 11346 | D:10     | Noticed a skeletal warrior
 11347 | D:10     | Noticed a skeletal warrior
 11355 | D:10     | Noticed a skeletal warrior
 11621 | D:10     | Found a staircase to the Orcish Mines.
 11766 | D:10     | Noticed a skeletal warrior
 12115 | D:9      | Learned a level 3 spell: Stone Arrow
 12138 | D:9      | Killed a skeletal warrior
 12375 | D:9      | Killed a skeletal warrior
 12666 | D:9      | Killed a skeletal warrior
 12963 | D:11     | Noticed a two-headed ogre
 12968 | D:11     | Noticed a boulder beetle
 13315 | D:11     | Killed a boulder beetle
 14072 | D:11     | Found Puskiusi's Antique Armour Boutique.
 14081 | D:11     | Bought a glowing troll leather armour for 432 gold pieces
 14239 | D:11     | Noticed a wizard
 14241 | D:11     | Noticed a wizard
 14505 | Lair:1   | Entered Level 1 of the Lair of Beasts
 14744 | Lair:1   | Reached XP level 12. HP: 110/110 MP: 4/20
 15846 | Lair:1   | Noticed a death yak
 15847 | Lair:1   | Noticed a death yak
 15847 | Lair:1   | Noticed a death yak
 15864 | Lair:1   | Killed a death yak
 15874 | Lair:1   | Killed a death yak
 15884 | Lair:1   | Killed a death yak
 16137 | Lair:2   | Found a staircase to the Shoals.
 16250 | Lair:2   | Found a hole to the Spider Nest.
 16696 | Lair:2   | Noticed a five-headed hydra
 16780 | Lair:3   | Reached skill level 5 in Necromancy
 17228 | Lair:3   | Reached skill level 1 in Earth Magic
 17228 | Lair:3   | Gained mutation: You can use your snake-like lower body to
                  | constrict enemies. [Naga growth]
 17228 | Lair:3   | Reached XP level 13. HP: 108/121 MP: 14/21
 17233 | Lair:3   | Reached **** piety under Makhleb
 17403 | Lair:3   | Reached skill level 1 in Armour
 18743 | Lair:5   | Entered Level 5 of the Lair of Beasts
 20519 | Abyss:3  | Found an ancient bone altar of Kikubaaqudgha.
 20519 | Abyss:3  | Cast into level 3 of the Abyss (a wizard)
 20578 | Abyss:3  | Found a corrupted altar of Lugonu.
 20688 | Abyss:3  | Noticed a starcursed mass
 20707 | Abyss:3  | Paralysed by accursed screaming for 1 turns
 20708 | Abyss:3  | Noticed a bone dragon
 20732 | Abyss:3  | Noticed a bunyip
 20745 | Abyss:3  | Reached skill level 5 in Earth Magic
 20762 | Abyss:3  | Mangled by a bunyip

Illustrated notes

Levels and vault maps discovered:
D:1:      zaba_arrival_water, layout_loops_corners
D:2:      layout_basic, dreamdust_ecumenical_altar_grove, minmay_pentomino_p2,
          uniq_robin
D:3:      layout_basic, nrook_loot_triangle
D:4:      layout_rooms, portal_sewer_entry_b, minmay_ogre_servants
D:5:      layout_cave_pools, mainiacjoe_overflow_concentric_impassable,
          minmay_temple_entry_fiery
D:6:      layout_basic, grunt_dithmenos_smoke
D:7:      layout_basic, enter_ossuary_5, minivault_25
D:8:      layout_basic, chequers_temple_overflow_statue_of_worship,
          david_defended_altar_orc, uniq_psyche, uniq_pikel
D:9:      layout_small_grid, elyvilon_altar_1, erik_lair_orcish_takeover
D:10:     layout_cave_pools, erik_orc_2
D:11:     minmay_smoke_and_mirrors, layout_layer_cave, serial_shops,
          nicolae_shop_temple_entry_statues_fountains, serial_glass,
          glass_columns_b, glass_columns_a
Temple:   sentei_temple_godly_chess
Lair:1:   layout_hall_layers, grunt_forest_small_clearings
Lair:2:   layout_regular_city, minmay_shoals_entry_beasts, spider_nest_entry_a
Lair:3:   layout_cellular_growth, beast_lair_carwin_1
Lair:4:   layout_gridlike
Lair:5:   minmay_lair_end_frog_pond, layout_gridlike, slime_entry_1,
          serial_rivers, chequers_serial_rivers_room_b,
          chequers_serial_rivers_micro_a, chequers_serial_rivers_micro_c,
          chequers_serial_rivers_room_b, gammafunk_ghost_necromancy,
          grunt_forest_large_clearings
Abyss:3:  base: D:5, evilmike_abyss_exit_17, due_exit_kobolds,
          hangedman_abyss_batty_box, hangedman_abyss_sting

Skill      XL: |  1  2  3  4  5  6  7  8  9 10 11 12 13 |
---------------+----------------------------------------+-----
Stealth        | 1 2 3 4 5 6 |  6.3
Dodging        | 2 3 4 5 6 7 |  7.4
Fighting       | 3 4 5 6 7 8 9 |  9.7
Maces & Flails | 4 5 6 7 8 9 |  9.9
Ice Magic      | 2 3 5 6 |  6.0
Invocations    | 2 4 5 6 8 9 |  9.0
Spellcasting   | 3 4 5 |  5.8
Conjurations   | 4 5 6 7 8 |  8.9
Necromancy     | 3 5 6 |  6.4
Earth Magic    | 1 5 |  5.0
Armour         | 2 |  2.6

Action                   |  1- 3 |  4- 6 |  7- 9 | 10-12 | 13-15 || total
-------------------------+-------+-------+-------+-------+-------++-------
Melee: Mace              |   101 |    76 |       |       |       ||   177
       Punch             |     2 |     1 |     5 |    15 |     3 ||    26
       Dagger            |       |    33 |    20 |       |       ||    53
       Whip              |       |    48 |   348 |   597 |   246 ||  1239
       Constrict         |       |       |       |       |    49 ||    49
Throw: Dart              |       |     1 |     9 |     7 |       ||    17
       Boomerang         |       |       |       |     7 |       ||     7
       Throwing net      |       |       |       |     2 |       ||     2
 Cast: Stone Arrow       |       |       |       |    82 |    43 ||   125
       Hailstorm         |       |       |       |     7 |     3 ||    10
       Vampiric Draining |       |       |       |     5 |     6 ||    11
Invok: Lesser Servant of |       |       |       |    10 |     6 ||    16
       Minor Destruction |       |       |       |     1 |       ||     1
       Major Destruction |       |       |       |       |     2 ||     2
 Abil: Spit Poison       |    17 |     9 |       |       |       ||    26
       Breathe Poison Ga |       |     1 |    20 |    44 |    17 ||    82
Evoke: Wand              |       |     2 |    16 |    18 |     3 ||    39
  Use: Scroll            |     8 |     2 |     5 |    13 |     2 ||    30
       Potion            |       |     5 |     6 |     5 |     1 ||    17
 Stab: Sleeping          |     1 |       |     2 |     2 |       ||     5
       Invisible         |       |       |     2 |       |       ||     2
       Distracted        |       |       |       |     5 |       ||     5
Armor: Leather armour    |    16 |    40 |    84 |   160 |       ||   300
       Skin              |       |       |    10 |       |       ||    10
       Troll leather arm |       |       |       |    64 |   113 ||   177
Dodge: Dodged            |    66 |    82 |   159 |   367 |   158 ||   832

Table legend: (Time is in decaauts)
 A = Elapsed time spent in this place.
 B = Non-inter-level travel time spent in this place.
 C = Inter-level travel time spent in this place.
 D = Time resting spent in this place.
 E = Time spent auto-exploring this place.
 F = Levels seen in this place.
 G = Mean time per level.
                   A        B        C        D        E       F      G
               +--------+--------+--------+--------+--------+-----+--------+
         Total |  24873 |  23140 |   1733 |   5906 |  10749 |  20 | 1243.7 |
       Dungeon |  15806 |  14578 |   1228 |   3296 |   7418 |  11 | 1436.9 |
        Temple |     26 |     26 |      0 |      0 |      0 |   1 |   26.0 |
          Lair |   6895 |   6391 |    504 |   1537 |   3233 |   5 | 1379.0 |
         Abyss |    259 |    259 |      0 |    118 |      0 |   1 |  259.0 |
         Sewer |    609 |    609 |      0 |    229 |     20 |   1 |  609.0 |
       Ossuary |   1276 |   1276 |      0 |    725 |     77 |   1 | 1276.0 |
               +--------+--------+--------+--------+--------+-----+--------+

Top non-repeatable levels by time:
     D:9: 3036 daAuts
  Lair:4: 2415 daAuts
     D:6: 2126 daAuts
  Lair:1: 1991 daAuts
    D:10: 1673 daAuts
     D:2: 1436 daAuts
     D:1: 1399 daAuts
  Lair:3: 1385 daAuts
 Ossuary: 1276 daAuts
    D:11: 1206 daAuts
     D:4: 1126 daAuts
     D:5: 1065 daAuts
     D:7: 979 daAuts
     D:3: 956 daAuts
  Lair:2: 823 daAuts
